 Dungeon Crawl Stone Soup version 0.23.2-40-g277498a001 (webtiles) character file.

Game seed: 389562917811756410

471 FishyPogo the Ducker (level 6, -4/48 HPs)
             Began as a Demonspawn Ice Elementalist on Sept 27, 2019.
             Was an Initiate of Makhleb.
             Slain by a centaur zombie (6 damage)
             ... on level 5 of the Dungeon.
             The game lasted 00:14:40 (4177 turns).

FishyPogo the Ducker (Demonspawn Ice Elementalist)  Turns: 4177, Time: 00:14:40

Health: -4/48      AC:  4    Str:  6 (8)  XL:     6   Next: 83%
Magic:  0/11       EV: 13    Int: 17 (18) God:    Makhleb [......]
Gold:   257        SH:  0    Dex: 11 (14) Spells: 8/11 levels left

rFire    + . .     SeeInvis .   o - +2 dagger (freeze)
rCold    . . .     Gourm    .   (no shield)
rNeg     . . .     Faith    .   l - +0 robe
rPois    .         Spirit   .   (no helmet)
rElec    .         Reflect  .   (no cloak)
rCorr    .         Harm     .   (no gloves)
MR       .....                  (no boots)
Stlth    ++........             (no amulet)
HPRegen  0.16/turn              (no ring)
MPRegen  0.12/turn              (no ring)

@: no status effects
A: talons 1, slimy green scales 1, fire resistance 1
a: Renounce Religion


You were on level 5 of the Dungeon.
You worshipped Makhleb.
Makhleb was noncommittal.
You were hungry.

You visited 2 branches of the dungeon, and saw 6 of its levels.

You collected 257 gold pieces.

Inventory:

Hand Weapons
 b - a +0 long sword
 j - a +0 hunting sling of flaming
 o - a +2 dagger of freezing (weapon)
Missiles
 d - 14 tomahawks
 f - 134 stones (quivered)
Armour
 a - a +0 robe
 l - a +0 robe (worn)
Wands
 m - a wand of digging (2)
 n - a wand of paralysis (4)
 p - a wand of iceblast (3)
Scrolls
 e - 2 scrolls of teleportation
 g - 5 scrolls of identify
 i - 2 scrolls of amnesia
 k - a scroll of noise
Potions
 h - a potion of berserk rage {unknown}
Comestibles
 c - 10 rations


   Skills:
 * Level 3.8 Fighting
 * Level 4.0 Dodging
 - Level 2.0 Stealth
 + Level 3.3 Spellcasting
 - Level 1.0 Conjurations
 + Level 3.7 Ice Magic


You had 8 spell levels left.
You knew the following spells:

 Your Spells              Type           Power        Failure   Level  Hunger
a - Freeze                Ice            ###.         3%          1    None
b - Throw Frost           Conj/Ice       ##....       10%         2    ##.....

Your spell library contained the following spells:

 Spells                   Type           Power        Failure   Level  Hunger
 Ozocubu's Armour         Chrm/Ice       #.......     24%         3    ###....
 Throw Icicle             Conj/Ice       ##......     54%         4    ####...
 Summon Ice Beast         Ice/Summ       #.......     61%         4    ####...


Dungeon Overview and Level Annotations

Branches:
Dungeon (5/15)             Temple (1/1) D:4

Altars:
Ashenzari
Cheibriados
Elyvilon
Fedhas
Makhleb
Ru
Sif Muna
Trog
Uskayaw
Wu Jian
Xom
Yredelemnul
The Shining One


Innate Abilities, Weirdness & Mutations

You have sharp toenails.
You are partially covered in slimy green scales. (AC +2)
Your flesh is heat resistant. (rF+)


Message History

Aiming: Freeze (safe; 3% risk of failure)
Press: ? - help, Shift-Dir - straight line, f/p - centaur zombie
Aim: a centaur zombie (moderately damaged)
The centaur zombie completely resists.
You freeze the centaur zombie but do no damage.
The centaur zombie hits you.
* * * LOW HITPOINT WARNING * * *
You hit the centaur zombie but do no damage.
The centaur zombie is moderately damaged.
The centaur zombie hits you but does no damage.
You hit the centaur zombie.
You claw the centaur zombie, but do no damage.
The centaur zombie is heavily damaged.
The centaur zombie hits you.
* * * LOW HITPOINT WARNING * * *
The centaur zombie closely misses you.
You hit the centaur zombie.
The centaur zombie is heavily damaged.
The centaur zombie hits you.
You die...

..........###. .#
...........## ..#
........#...####.##.
....#...#...#.......
...##..........#
...##..$..##...#
.......##..###.### ##
.....## ...###†..#..###.
...... ... #...Z@.......
.<............####......
.............. ##...
...... ..##... .# ......
. ..... ...... ......
...... ..###. ..... .


You could see a centaur zombie.

Vanquished Creatures
  A scorpion (D:5)
  A bullfrog skeleton (D:4)
  Jessica (D:2)
  Natasha (thrice) (D:3)
  2 orc wizards (D:4)
  3 worker ants (D:4)
  7 adders
  An ooze (D:2)
  An adder zombie (D:5)
  A worm (D:4)
  A dart slug (D:3)
  4 leopard geckos
  3 orcs (D:4)
  11 bats
  12 goblins
  11 hobgoblins
  6 jackals
  3 quokkas (D:2)
  A ball python (D:1)
  3 frilled lizards (D:1)
  13 kobolds
  6 rats
95 creatures vanquished.

Notes
Turn   | Place    | Note
-------+----------+-------------------------------------------
     0 | D:1      | FishyPogo the Demonspawn Ice Elementalist began the quest
                  | for the Orb.
     0 | D:1      | Reached XP level 1. HP: 13/13 MP: 3/3
   169 | D:1      | Reached skill level 2 in Dodging
   169 | D:1      | Gained mutation: You are partially covered in slimy green
                  | scales. (AC +2) [demonic ancestry]
   169 | D:1      | Reached XP level 2. HP: 19/20 MP: 3/5
   280 | D:1      | Reached skill level 1 in Fighting
   517 | D:1      | Gained mutation: Your flesh is heat resistant. (rF+)
                  | [demonic ancestry]
   517 | D:1      | Reached XP level 3. HP: 26/26 MP: 4/6
   833 | D:2      | Learned a level 2 spell: Throw Frost
  1186 | D:2      | Reached XP level 4. HP: 33/33 MP: 1/7
  1187 | D:2      | Noticed Jessica
  1192 | D:2      | Killed Jessica
  1593 | D:3      | Noticed Natasha
  1600 | D:3      | Killed Natasha
  1683 | D:3      | Reached XP level 5. HP: 39/39 MP: 6/9
  1735 | D:3      | Reached skill level 3 in Dodging
  1745 | D:3      | Found a white marble altar of Elyvilon.
  1769 | D:3      | Noticed Natasha
  1778 | D:3      | Killed Natasha
  2263 | D:3      | Noticed Natasha
  2275 | D:3      | Killed Natasha
  2759 | D:4      | Gained mutation: You have sharp toenails. [demonic
                  | ancestry]
  2759 | D:4      | Reached XP level 6. HP: 25/47 MP: 6/10
  2919 | D:4      | HP: 2/47 [bullfrog skeleton (3)]
  3495 | D:4      | Found a staircase to the Ecumenical Temple.
  3543 | Temple   | Entered the Ecumenical Temple
  3771 | Temple   | Became a worshipper of Makhleb the Destroyer
  4086 | D:5      | Entered Level 5 of the Dungeon
  4120 | D:5      | Reached skill level 4 in Dodging
  4176 | D:5      | HP: 1/48 [centaur zombie (2)]
  4177 | D:5      | Slain by a centaur zombie

Skill      XL: |  1  2  3  4  5  6 |
---------------+-------------------+-----
Stealth        | 2 |  2.0
Dodging        | 2 3 4 |  4.0
Fighting       | 1 2 3 |  3.8
Ice Magic      | 3 |  3.7
Spellcasting   | 3 |  3.3
Conjurations   | |  1.0

Action                   |  1- 3 |  4- 6 || total
-------------------------+-------+-------++-------
Melee: Club              |    24 |       ||    24
       Long sword        |    15 |       ||    15
       Dagger            |       |    87 ||    87
       Kick              |       |     8 ||     8
 Cast: Freeze            |    59 |   110 ||   169
       Throw Frost       |     3 |    23 ||    26
  Use: Scroll            |       |     8 ||     8
       Potion            |       |     3 ||     3
 Stab: Sleeping          |     7 |     2 ||     9
  Eat: Chunk             |     2 |    10 ||    12
Armor: Robe              |    31 |    32 ||    63
Dodge: Dodged            |    76 |   118 ||   194
       Rpst.: Long sword |    13 |       ||    13
